 Dungeon Crawl Stone Soup version 0.28-a0-1382-g92835e5c71 (webtiles) character file.

Game seed: 10868325202298156369

35 bande the Shield-Bearer (level 3, 0/23 HPs)
             Began as a Gargoyle Fighter on Jan 1, 2022.
             Slain by a gnoll (3 damage)
             ... on level 2 of the Dungeon.
             The game lasted 00:01:33 (1317 turns).

bande the Shield-Bearer (Gargoyle Fighter)          Turns: 1317, Time: 00:01:34

Health: 0/23       AC: 12    Str: 19    XL:     3   Next: 35%
Magic:  3/3        EV:  7    Int:  8    God:
Gold:   25         SH:  4    Dex: 11    Spells: 2/2 levels left

rFire   . . .      SeeInvis .   a - +0 war axe
rCold   . . .      Faith    .   c - +0 buckler
rNeg    + . .      Spirit   .   g - +0 chain mail
rPois   ∞          Reflect  .   (no helmet)
rElec   +          Harm     .   (no cloak)
rCorr   .          Rampage  .   (no gloves)
Will    .....                   (no boots)
Stlth   ..........              (no amulet)
HPRegen 0.07/turn               (no ring)
MPRegen 0.08/turn               (no ring)

@: no status effects
A: sickness immunity, AC +3, negative energy resistance 1, electricity
resistance, torment resistance 1, petrification resistance
a: no special abilities


You were on level 2 of the Dungeon.
You visited 1 branch of the dungeon, and saw 2 of its levels.

You collected 25 gold pieces.

Inventory:

Hand Weapons
 a - a +0 war axe (weapon)
Armour
 c - a +0 buckler (worn)
 g - a +0 chain mail (worn)
Scrolls
 e - a scroll of amnesia {unknown}
 f - a scroll of summoning {unknown}
Potions
 d - a potion of might


   Skills:
 + Level 3.6 Fighting
 + Level 2.4 Axes
 + Level 3.6 Armour
 + Level 3.7 Shields


You had 2 spell levels left.
You didn't know any spells.
Your spell library was empty.

Dungeon Overview and Level Annotations

Branches:
Dungeon (2/15)

Altars:


Innate Abilities, Weirdness & Mutations

You are immune to sickness and miasma.
Your stone body is resilient. (AC +3)
You are immune to poison.
You resist negative energy. (rN+)
You are resistant to electric shocks. (rElec)
You are resistant to unholy torment.
You are immune to petrification.


Message History

You slash the rat!
You kill the rat!
The jackal bites you but does no damage.
A gnoll comes into view. It is wielding a +0 spear.
You miss the jackal.
The gnoll shouts!
You barely miss the jackal. The jackal barely misses you.
The jackal bites you but does no damage.
You barely miss the jackal.
The jackal bites you but does no damage. x2
You slash the jackal!
You kill the jackal!
The jackal bites you but does no damage.
You closely miss the gnoll. You hit the jackal. You block the gnoll's attack.
The jackal bites you but does no damage.
The gnoll hits you with a +0 whip.
The jackal bites you but does no damage.
You slash the jackal!
You kill the jackal!
You hit the gnoll. The gnoll hits you with a +0 whip. The jackal bites you.
You hit the gnoll.
The gnoll is severely wounded.
You closely miss the jackal. The jackal bites you.
The gnoll completely misses you. The gnoll hits you but does no damage.
The jackal closely misses you.
You hit the gnoll.
The gnoll is severely wounded.
You slash the jackal!
You kill the jackal!
The gnoll hits you but does no damage. x2
You closely miss the gnoll.
The gnoll is severely wounded.
The gnoll hits you with a +0 whip. The gnoll hits you with a +0 flail.
* * * LOW HITPOINT WARNING * * *
You are too injured to fight recklessly!
You are too injured to fight recklessly!
You are too injured to fight recklessly!
Unknown command.
The gnoll hits you with a +0 whip.
You die...

#.........#####.#
#.#############.## ##.##
#........
######...#######.####.##
#......#..............#
#..###...###..######<.#
# ##.## # #..# #^# #..#
##@# #..# #.g# #... #S##
##.## #.# # #.#
#..###h####.... .#
#....gg.†g....<
#.####.###..... .... ...
##... .


You could see 3 gnolls, a jackal and a ball python.

Vanquished Creatures
  3 dart slugs (D:1)
  3 endoplasms
  3 goblins (D:1)
  2 hobgoblins (D:1)
  3 jackals (D:2)
  A quokka (D:1)
  6 bats (D:1)
  2 frilled lizards (D:1)
  A kobold (D:1)
  5 rats
29 creatures vanquished.

Notes
Turn   | Place    | Note
-------+----------+-------------------------------------------
     0 | D:1      | bande the Gargoyle Fighter began the quest for the Orb.
     0 | D:1      | Reached XP level 1. HP: 14/14 MP: 1/1
   335 | D:1      | Reached XP level 2. HP: 19/19 MP: 2/2
   909 | D:1      | Reached XP level 3. HP: 23/23 MP: 3/3
  1317 | D:2      | Slain by a gnoll

Illustrated notes

Levels and vault maps discovered:
D:1:      eino_arrival_water_cross, layout_basic, chequers_mini_garden,
          chequers_serial_rivers_small_b
D:2:      layout_loops_ring, uniq_sigmund, uniq_crazy_yiuf_cottage, uniq_jessica

Skill      XL: |  1 |
---------------+----+-----
Axes           | 2 |  2.4
Fighting       | |  3.6
Armour         | |  3.6
Shields        | |  3.7

Action                   || total
-------------------------++-------
Melee: War axe           ||    66
Armor: Scale mail        ||    24
       Chain mail        ||    14
Dodge: Dodged            ||    21
Block: Buckler           ||    11

Table legend: (Time is in decaauts)
 A = Elapsed time spent in this place.
 B = Non-inter-level travel time spent in this place.
 C = Inter-level travel time spent in this place.
 D = Time resting spent in this place.
 E = Time spent auto-exploring this place.
 F = Levels seen in this place.
 G = Mean time per level.
                   A        B        C        D        E       F      G
               +--------+--------+--------+--------+--------+-----+--------+
         Total |   1343 |   1343 |      0 |    245 |    848 |   2 |  671.5 |
       Dungeon |   1343 |   1343 |      0 |    245 |    848 |   2 |  671.5 |
               +--------+--------+--------+--------+--------+-----+--------+

Top non-repeatable levels by time:
     D:1: 1283 daAuts
     D:2: 60 daAuts
